 Dungeon Crawl Stone Soup version 0.27.1-3-gb3d3a73c9e (webtiles) character file.

Game seed: 10901658601358317025

82 Urokeeper the Sneak (level 4, -4/40 HPs)
             Began as a Kobold Brigand on Oct 14, 2021.
             Killed by divine providence
             ... invoked by an orc priest
              (11 damage)
             ... on level 3 of the Dungeon.
             The game lasted 00:04:39 (2355 turns).

Urokeeper the Sneak (Kobold Brigand)                Turns: 2355, Time: 00:04:40

Health: -4/40      AC: 22    Str:  7 (8)  XL:     4   Next: 70%
Magic:  4/4        EV:  3    Int: 10 (12) God:
Gold:   129        SH:  6    Dex: 16 (17) Spells: 3/3 levels left

rFire    . . .     SeeInvis .   a - +2 dagger
rCold    . . .     Faith    .   r - +2 buckler
rNeg     + + +     Spirit   .   (armour currently unavailable)
rPois    +         Reflect  .   (helmet currently unavailable)
rElec    .         Harm     .   (cloak currently unavailable)
rCorr    .         Rampage  .   (gloves currently unavailable)
Will     .....     NoTele   +   (boots currently unavailable)
Stlth    ++++......             k - amulet of the acrobat
HPRegen  0.13/turn              (no ring)
MPRegen  0.09/turn              (no ring)

@: lethally poisoned (-4 -> -11), tree-form, attractive
A: stationary, stasis, torment immunity, boosted hp, small, no large weapons,
nightstalker 3
a: no special abilities


You were on level 3 of the Dungeon.
You were a tree.
You visited 1 branch of the dungeon, and saw 3 of its levels.

You collected 129 gold pieces.

Inventory:

Hand Weapons
 a - a +2 dagger (weapon)
Missiles
 d - 8 poisoned darts
 e - a curare-tipped dart (quivered)
Armour
 b - a +0 robe
 c - a +0 cloak (melded)
 r - a +2 buckler (worn)
 t - a +0 leather armour (melded)
Jewellery
 k - an amulet of the acrobat (around neck)
 o - a ring of ice
 u - a ring of willpower
Scrolls
 f - a scroll of blinking {unknown}
 i - a scroll of fog
 j - a scroll of teleportation {unknown}
 l - a scroll of enchant armour {unknown}
 n - a scroll of vulnerability {unknown}
 p - a scroll of fear {unknown}
 s - a scroll of identify {unknown}
Potions
 g - 2 potions of lignification


   Skills:
 + Level 2.4 Fighting
 + Level 3.9 Short Blades
 + Level 2.2 Throwing
 + Level 2.0 Dodging
 + Level 6.8 Stealth


You had 3 spell levels left.
You didn't know any spells.
Your spell library was empty.

Dungeon Overview and Level Annotations

Branches:
Dungeon (3/15)

Altars:
Sif Muna


Innate Abilities, Weirdness & Mutations

You are a tree.
Your roots penetrate the ground, keeping you stationary.
You cannot be teleported.
You are immune to unholy pain and torment.
Your maximum health is greatly increased.
Your equipment is partially melded.
You are small and have problems with some larger weapons.
You are completely attuned to the shadows.


Message History

The orc closely misses you. x2; The orc hits you but does no damage.
You are poisoned.
You block the orc priest's attack.
You feel sick. The orc completely misses you.
You feel sick. The orc hits you with a +0 hand axe.
* * * LOW HITPOINT WARNING * * *
* * * LOW HITPOINT WARNING * * *
You feel sick. The orc completely misses you. The orc misses you.
It was a potion of lignification.
You turn into a tree.
Your +0 cloak melds into your body.
Your +0 leather armour melds into your body.
Your roots penetrate the ground.
You feel sick.
It was a potion of degeneration.
There was something very wrong with that liquid.
You feel weakened.
You feel dopey.
You feel clumsy.
You feel sick. The orc hits you but does no damage. x2
It was a potion of curing.
You feel better. You block the orc's attack.
The orc hits you but does no damage.
As you read the scroll of fog, it crumbles to dust.
The scroll dissolves into smoke.
You block the orc's attack. The orc hits you with a +0 hand axe.
The orc hits you but does no damage.
It was a potion of attraction.
You feel attractive to monsters. The orc barely misses you.
The orc hits you but does no damage.
The orc hits you with a +1 hand axe of venom.
You hit the orc priest.
The orc priest is severely wounded.
The orc hits you but does no damage. x2
The orc hits you with a +1 hand axe of venom.
* * * LOW HITPOINT WARNING * * *
You are lethally poisoned!
You closely miss the orc priest.
The orc priest is almost dead.
* * * LOW HITPOINT WARNING * * *
You feel very sick.
The orc priest looks more healthy.
The orc hits you but does no damage. x2
You block the orc's attack.
The orc priest mumbles some strange prayers to Beogh against you.
Beogh smites you!
You die...

.._☼≈....#.####'####.##..........
≈≈≈≈≈..#.#.# #.# #.##....#..###
≈≈≈≈≈.##.#.####.# #)##....#.....
......##.#......# ##.#.....#.....
.#######.######## #..#.....#.....
#### #.....########.##.##........
...# #.##....#...§§....##.###....
##.###.##..#.#§##o§.......###....
.###..†<......§§♣o§..............
#.####.###.###§#oo§............##
#.## #.# #..##.#K§§.##########.##
##.# #.# ##.##.#..(.+ .......
##.###.# #.##.#....# ###.#..
+......# ##..#.#....# #.#.#
##.##..###>....#....# #.#..
#.###...'.....# ###..
.##...###.....# #.#


You could see an orc priest (slow), 3 orcs and a kobold.

Vanquished Creatures
  3 gnolls (D:2)
  3 dart slugs (D:1)
  An orc (D:2)
  6 ball pythons
  3 endoplasms
  3 giant cockroaches
  3 goblins
  4 hobgoblins
  A quokka (D:3)
  5 bats
  7 frilled lizards
  7 kobolds
  3 rats
49 creatures vanquished.

Vanquished Creatures (others)
  19 plants (D:1)
19 creatures vanquished.

Grand Total: 68 creatures vanquished

Notes
Turn   | Place    | Note
-------+----------+-------------------------------------------
     0 | D:1      | Urokeeper the Kobold Brigand began the quest for the Orb.
     0 | D:1      | Reached XP level 1. HP: 12/12 MP: 1/1
   193 | D:1      | Reached XP level 2. HP: 17/17 MP: 2/2
   312 | D:1      | Reached skill level 6 in Stealth
   615 | D:1      | Reached XP level 3. HP: 21/21 MP: 3/3
   729 | D:1      | Found a faded altar of an unknown god.
  1130 | D:2      | Reached XP level 4. HP: 27/27 MP: 4/4
  2214 | D:3      | Found a shimmering blue altar of Sif Muna.
  2355 | D:3      | Killed from afar by an orc priest

Illustrated notes

Levels and vault maps discovered:
D:1:      dpeg_arrival_windows_large_door, layout_basic,
          hellmonk_ecumenical_altar_pennies_from_heaven, serial_bayou_lagoon_a
D:2:      layout_basic
D:3:      layout_basic, nicolae_sif_muna_condensation, portal_sewer_entry_d,
          interstate_on_off, mrwooster_statue_mirror

Skill      XL: |  1  2  3 |
---------------+----------+-----
Stealth        | 6 |  6.8
Short Blades   | 3 |  3.9
Dodging        | 2 |  2.0
Fighting       | |  2.4
Throwing       | |  2.2

Action                   |  1- 3 |  4- 6 || total
-------------------------+-------+-------++-------
Melee: Dagger            |    87 |    38 ||   125
Throw: Dart              |       |     2 ||     2
  Use: Scroll            |     1 |     1 ||     2
       Potion            |       |     4 ||     4
 Stab: Sleeping          |    12 |    11 ||    23
Armor: Robe              |    20 |       ||    20
       Skin              |       |     9 ||     9
       Leather armour    |       |     3 ||     3
Dodge: Dodged            |    61 |    22 ||    83
Block: Buckler           |       |     9 ||     9
